Map: Frozen Temple

Players

Miszu - Winner!

  • Race: Terran Terran
  • League: Master

LordJim

  • Race: Zerg Zerg
  • League: Master

VOD

Have the link to the VOD?

Description

Time

  • Played on: April 2, 2016, 11:23 a.m.
  • Length: 4:28
Show
View Real Time Build Order
Export as new Build Order

Miszu Terran - Winner!

Build Orders:  

Get SALT Encoding   

  12  0:00  SCV  
  13  0:12  SCV  
  14  0:18  Supply Depot  
  14  0:25  SCV  
  15  0:39  SCV  
  15  0:40  Barracks  
  16  0:44  Refinery  
  16  0:51  SCV  
  17  1:03  Barracks, SCV  
  18  1:15  SCV  
  19  1:20  Barracks  
  19  1:28  Reaper  
  20  1:33  Refinery  
  20  1:35  SCV  
  21  1:44  Supply Depot  
  21  1:50  Reaper  
  22  2:00  Reaper  
  23  2:07  Orbital Command  
  23  2:09  Reaper  
  24  2:17  Supply Depot  
  24  2:22  Reaper  
  25  2:32  SCV  
  25  2:33  Reaper  
  25  2:35  Supply Depot  
  27  2:41  Reaper  
  28  2:51  SCV  
  29  2:54  Reaper  
  30  3:02  Bunker  
  30  3:04  SCV  
  30  3:05  Reaper  
  32  3:09  Supply Depot  
  32  3:13  Reaper  
  33  3:22  Engineering Bay  
  31  3:32  Reaper  
  31  3:34  Supply Depot  
  31  3:43  Supply Depot  
  31  3:48  Supply Depot  
  31  3:55  Reaper, SCV  
  34  4:10  Command Center  
  34  4:13  SCV  
Show
View Real Time Build Order
Export as new Build Order

LordJim Zerg 

Build Orders: Pool First 

Get SALT Encoding   

  12  0:00  Drone  
  13  0:08  Drone  
  14  0:27  Spawning Pool  
  13  0:28  Extractor  
  13  0:31  Drone  
  13  0:35  Drone  
  14  0:44  Overlord  
  14  0:56  Extractor, Drone  
  15  1:13  Zergling x4  
  15  1:15  Zergling x2  
  15  1:17  Queen  
  20  1:26  Zergling x2  
  20  1:31  Metabolic Boost  
  21  1:37  Zergling x2  
  22  1:51  Baneling Nest  
  22  1:52  Zergling x2  
  22  1:58  Overlord  
  22  2:20  Zergling x4  
  24  2:26  Zergling x6  
  27  2:35  Zergling x2  
  28  2:45  Zergling x2  
  29  2:53  Overlord  
  29  2:58  Baneling x5  
  29  3:02  Zergling x2  
  27  3:22  Zergling x2  
  27  3:23  Zergling x4  
  21  3:36  Baneling x2  
  21  3:37  Zergling x6  
  23  3:42  Zergling x2  
  24  3:55  Zergling x2  
  21  4:11  Hatchery  
Tags
 
Add a new tag
Caveats
  • Supply blocks, unpowered buildings, or Contaminate may cause inaccurate times.
  • Supply counts are checked every 10 seconds.